Map: Beckett Industries LE

Players

SKillous

  • Race: Protoss Protoss

Vanya - Winner!

  • Race: Zerg Zerg

Event: DreamHack SC2 Masters 2021 Fall

VOD

Have the link to the VOD?

Description

Time

  • Played on: Aug. 12, 2021, 10:42 a.m.
  • Length: 12:00

All games in this series

Show
View Real Time Build Order
Export as new Build Order

SKillous Protoss 

Build Orders: 1 Gate Expand, Oracle Opening 

Get SALT Encoding   

  12  0:00  Probe  
  13  0:12  Probe  
  14  0:19  Pylon  
  14  0:24  Probe  
  15  0:37  Probe (Chrono Boost)  
  15  0:39  Gateway  
  16  0:46  Assimilator  
  16  0:49  Probe (Chrono Boost)  
  17  0:54  Probe (Chrono Boost)  
  19  1:04  Probe  
  19  1:16  Probe  
  20  1:26  Nexus  
  20  1:36  Cybernetics Core  
  20  1:39  Cybernetics Core  
  20  1:42  Probe  
  21  1:47  Assimilator  
  21  1:54  Probe  
  21  1:57  Pylon  
  22  2:06  Probe  
  23  2:12  Adept (Chrono Boost)  
  25  2:18  Probe  
  25  2:20  Stargate  
  26  2:24  Warp Gate  
  26  2:33  Adept (Chrono Boost), Probe (Chrono Boost)  
  29  2:38  Probe (Chrono Boost)  
  31  2:47  Probe x2 (Chrono Boost)  
  32  2:52  Probe (Chrono Boost)  
  32  2:55  Void Ray (Chrono Boost), Probe  
  40  3:06  Probe  
  40  3:10  Probe  
  42  3:15  Gateway  
  42  3:18  Probe  
  41  3:22  Probe  
  42  3:30  Assimilator, Probe  
  42  3:31  Oracle  
  46  3:34  Pylon  
  46  3:40  Assimilator  
  46  3:51  Stargate  
  46  3:52  Probe (Chrono Boost)  
  48  3:57  Probe (Chrono Boost)  
  48  3:58  Pylon  
  49  4:03  Probe (Chrono Boost)  
  49  4:06  Probe (Chrono Boost)  
  49  4:07  Probe (Chrono Boost)  
  51  4:10  Void Ray  
  51  4:16  Probe (Chrono Boost)  
  56  4:20  Pylon  
  56  4:24  Robotics Facility, Probe (Chrono Boost)  
  57  4:27  Probe (Chrono Boost)  
  57  4:29  Adept  
  59  4:32  Void Ray, Probe x2 (Chrono Boost)  
  64  4:42  Probe  
  65  4:52  Nexus  
  65  4:54  Void Ray  
  65  4:55  Pylon  
  65  5:02  Probe  
  70  5:13  Pylon  
  70  5:15  Void Ray  
  70  5:18  Forge, Robotics Bay  
  70  5:24  Probe  
  70  5:25  Probe  
  76  5:29  Pylon  
  76  5:32  Shield Battery  
  76  5:36  Shield Battery  
  76  5:37  Probe  
  76  5:38  Void Ray (Chrono Boost), Probe  
  78  5:49  Probe  
  83  5:50  Probe  
  84  6:01  Probe  
  84  6:02  Disruptor (Chrono Boost), Void Ray (Chrono Boost)  
  85  6:04  Photon Cannon  
  85  6:05  Photon Cannon  
  92  6:18  Photon Cannon  
  92  6:21  Photon Cannon  
  92  6:24  Void Ray (Chrono Boost)  
  92  6:31  Adept x2  
  100  6:36  Photon Cannon  
  100  6:38  Disruptor  
  103  6:42  Pylon  
  103  6:43  Photon Cannon  
  102  6:52  Shield Battery  
  101  6:56  Probe  
  101  6:58  Adept x2  
  101  6:59  Void Ray  
  102  7:03  Void Ray  
  87  7:20  Adept  
  87  7:21  Adept  
  87  7:22  Probe x2  
  86  7:23  Probe  
  86  7:29  Disruptor  
  87  7:32  Photon Cannon  
  87  7:34  Photon Cannon, Probe x2  
  87  7:35  Probe  
  87  7:36  Photon Cannon  
  89  7:41  Adept  
  89  7:42  Adept, Void Ray  
  86  7:46  Probe  
  76  8:03  Shield Battery, Adept x2, Void Ray (Chrono Boost)  
  62  8:25  Gateway  
  62  8:28  Gateway  
  62  8:31  Gateway  
  62  8:32  Adept x2, Void Ray (Chrono Boost)  
  66  8:34  Gateway  
  66  8:36  Probe x2  
  72  8:47  Void Ray (Chrono Boost)  
  76  8:57  Pylon  
  76  9:00  Pylon  
  76  9:11  Void Ray  
  76  9:15  Disruptor  
  79  9:19  Protoss Air Weapons Level 1  
  79  9:21  Void Ray  
  83  9:35  Nexus  
  83  9:37  Pylon  
  83  9:49  Void Ray (Chrono Boost)  
  82  9:53  Disruptor  
  82  9:58  Void Ray (Chrono Boost)  
  89  10:02  Nexus  
  89  10:03  Pylon  
  89  10:12  Pylon  
  93  10:21  Shield Battery  
  93  10:22  Shield Battery  
  92  10:32  Adept  
  94  10:38  Pylon  
  94  10:40  Pylon x2  
  94  10:49  Nexus  
  91  10:51  Pylon  
  91  10:59  Disruptor (Chrono Boost), Adept x6  
  106  11:11  Void Ray x2 (Chrono Boost)  
  110  11:25  Photon Cannon  
  94  11:42  Assimilator x2  
  72  11:56  Photon Cannon x2  
Show
View Real Time Build Order
Export as new Build Order

Vanya Zerg - Winner!

Build Orders: Hatch First 

Get SALT Encoding   

  12  0:00  Drone  
  13  0:12  Overlord  
  13  0:16  Drone  
  14  0:30  Drone x2  
  16  0:48  Hatchery  
  15  0:52  Drone  
  15  0:54  Drone  
  17  0:59  Drone  
  18  1:10  Extractor  
  17  1:15  Spawning Pool  
  17  1:18  Drone  
  17  1:22  Drone  
  18  1:28  Drone  
  19  1:38  Drone  
  20  1:49  Drone  
  21  2:00  Drone  
  22  2:01  Queen x2  
  22  2:02  Overlord  
  26  2:11  Drone x2  
  28  2:15  Metabolic Boost  
  28  2:23  Drone x2  
  30  2:34  Hatchery  
  29  2:37  Zergling x2  
  29  2:43  Queen  
  32  2:46  Overlord  
  32  2:50  Drone  
  33  2:54  Zergling x2  
  33  2:55  Drone  
  33  2:56  Drone  
  36  3:10  Drone x2  
  36  3:12  Drone x6  
  44  3:17  Overlord  
  44  3:24  Overlord  
  44  3:31  Overlord  
  44  3:35  Queen  
  44  3:38  Overlord  
  44  3:39  Zergling x2  
  47  3:43  Zergling x6  
  47  3:45  Zergling x2  
  47  3:46  Zergling x2  
  47  3:48  Spore Crawler  
  51  3:53  Drone x4  
  55  3:58  Lair  
  55  4:00  Drone x2  
  57  4:04  Drone x2  
  57  4:09  Drone  
  60  4:15  Drone x3  
  63  4:18  Spore Crawler, Drone  
  63  4:19  Drone x2  
  64  4:30  Overlord  
  62  4:31  Drone x2  
  63  4:39  Extractor, Drone x2  
  63  4:40  Extractor  
  63  4:41  Drone  
  63  4:44  Queen  
  66  4:47  Drone x3  
  66  4:50  Extractor  
  66  4:51  Drone x4  
  72  4:52  Extractor  
  72  4:56  Hydralisk Den  
  72  4:58  Overlord  
  70  5:08  Overlord x2  
  70  5:09  Overlord  
  70  5:10  Zergling x8  
  72  5:24  Overlord  
  72  5:27  Hydralisk, Grooved Spines  
  72  5:28  Hydralisk x3  
  74  5:34  Hydralisk x2  
  84  5:40  Overlord  
  84  5:45  Hydralisk  
  84  5:46  Hydralisk x2  
  90  5:54  Hydralisk x2  
  90  5:55  Zergling x18  
  103  6:02  Hydralisk x2  
  107  6:10  Hydralisk x2  
  112  6:11  Zergling x6  
  114  6:20  Hydralisk  
  114  6:21  Hydralisk x2  
  114  6:22  Overlord  
  114  6:23  Queen  
  120  6:26  Hydralisk  
  120  6:27  Zergling x4  
  120  6:32  Hydralisk x2  
  123  6:37  Hydralisk  
  123  6:38  Zergling x2  
  130  6:40  Overlord x2  
  130  6:46  Hydralisk x2  
  119  6:54  Hydralisk x3  
  119  7:00  Hydralisk  
  117  7:03  Hydralisk  
  117  7:07  Hydralisk  
  113  7:10  Hydralisk  
  113  7:11  Zergling x2  
  113  7:12  Zergling x12  
  113  7:14  Overseer  
  109  7:19  Hydralisk x2  
  105  7:24  Hydralisk  
  97  7:30  Hydralisk  
  97  7:31  Zergling x6  
  97  7:34  Queen  
  97  7:36  Queen  
  102  7:45  Hydralisk x4  
  102  7:50  Hydralisk  
  106  7:54  Zergling x2  
  106  7:55  Zergling x6  
  97  7:58  Hydralisk  
  97  8:03  Hydralisk x2  
  93  8:07  Hydralisk x2  
  93  8:09  Zergling x4  
  96  8:17  Hydralisk x3  
  98  8:24  Muscular Augments  
  98  8:26  Drone  
  99  8:29  Evolution Chamber  
  99  8:33  Drone x5  
  101  8:39  Drone x2  
  103  8:46  Drone x2  
  103  8:47  Extractor, Spire  
  103  8:57  Drone  
  103  9:02  Zerg Melee Weapons Level 1  
  104  9:05  Zergling x10, Hatchery  
  108  9:14  Drone x7  
  113  9:22  Drone x3  
  114  9:27  Hydralisk x3  
  114  9:28  Extractor  
  114  9:29  Extractor  
  118  9:37  Drone x6  
  124  9:42  Overlord  
  122  9:53  Hydralisk x4  
  129  10:02  Zerg Flyer Weapons Level 1  
  129  10:08  Corruptor x4  
  129  10:13  Corruptor  
  137  10:14  Corruptor  
  137  10:18  Corruptor  
  143  10:27  Corruptor x2  
  145  10:31  Corruptor x2  
  136  10:37  Drone x4  
  136  10:38  Drone  
  136  10:42  Corruptor  
  141  10:44  Corruptor  
  121  10:51  Corruptor x2  
  121  10:55  Corruptor  
  122  11:01  Corruptor x2  
  126  11:16  Hydralisk x7  
  136  11:23  Zergling x2  
  136  11:24  Zergling x12  
  143  11:29  Hydralisk  
  143  11:30  Hydralisk x2  
  149  11:36  Hydralisk  

Tags
 
Add a new tag
Caveats
  • Supply blocks, unpowered buildings, or Contaminate may cause inaccurate times.
  • Supply counts are checked every 10 seconds.